 Dungeon Crawl Stone Soup version 0.22-a0-322-g60b3cfd (webtiles) character file.

73 4thArraOfDagon the Cutter (level 4, -1/31 HPs)
             Began as a Mummy Enchanter on Apr 5, 2018.
             Was an Initiate of Gozag.
             Slain by a scorpion (3 damage)
             ... on level 3 of the Dungeon.
             The game lasted 00:05:02 (2115 turns).

4thArraOfDagon the Cutter (Mummy Enchanter)         Turns: 2115, Time: 00:05:03

Health: -1/31      AC:  2    Str: 11    XL:     4   Next: 8%
Magic:  1/8        EV: 12    Int: 15    God:    Gozag
Gold:   259        SH:  0    Dex: 12    Spells: 2/8 levels left

rFire    x . .     SeeInvis .   a - +1 dagger
rCold    + . .     Gourm    .   (no shield)
rNeg     + + +     Faith    .   b - +0 robe
rPois    ∞         Spirit   .   (no helmet)
rElec    .         Reflect  .   (no cloak)
rCorr    .         Harm     .   (no gloves)
MR       .....                  (no boots)
Stlth    ++........             (no amulet)
HPRegen  0.10/turn              (no ring)
MPRegen  0.11/turn              (no ring)

@: very slightly contaminated
A: no food or potions, fire vulnerability, cold resistance 1, negative energy
resistance 3, torment resistance, unbreathing
a: Potion Petition, Call Merchant, Bribe Branch, Renounce Religion


You were on level 3 of the Dungeon.
You worshipped Gozag.
Gozag was aware of your devotion.
You were not hungry.

You visited 1 branch of the dungeon, and saw 3 of its levels.

You collected 290 gold pieces.
You paid 31 gold pieces to Gozag.

Inventory:

Hand Weapons
 a - a +1 dagger (weapon)
Armour
 b - a +0 robe (worn)
 d - a +0 ring mail
Scrolls
 e - a scroll of identify


   Skills:
 + Level 0.5 Fighting
 - Level 3.0 Short Blades
 + Level 0.2 Armour
 + Level 1.7 Dodging
 - Level 2.4 Stealth
 - Level 2.6 Spellcasting
 - Level 2.6 Hexes


You had 2 spell levels left.
You knew the following spells:

 Your Spells              Type           Power        Failure   Level  Hunger
a - Corona                Hex            ##.....      7%          1    N/A
b - Ensorcelled Hibernat  Hex/Ice        #.....       19%         2    N/A
c - Confuse               Hex            ##......     21%         3    N/A

Dungeon Overview and Level Annotations

Branches:
Dungeon (3/15)

Altars:
Gozag


Innate Abilities, Weirdness & Mutations

You do not eat or drink.
Your flesh is vulnerable to fire.
You are immune to poison.
Your flesh is cold resistant. (rC+)
You are immune to negative energy. (rN+++)
You are immune to unholy pain and torment.
You can survive without breathing.


Message History

As you read the scroll labeled MELUXZU ANAEROLECU, it crumbles to dust.
You feel aware of your surroundings.
It was a scroll of magic mapping.
As you read the scroll labeled NETAUFO VAFEERR, it crumbles to dust.
It is a scroll of identify.
You don't have any unidentified items.
Unknown command.
You hit the scorpion.
The scorpion is moderately wounded.
The scorpion closely misses you.
Unknown command.
Unknown command.
You hit the scorpion but do no damage.
The scorpion is moderately wounded.
The goblin closely misses you.
Unknown command.
You hit the scorpion but do no damage.
The scorpion is moderately wounded.
The scorpion stings you.
You die...
Your body crumbles into a pile of gold.

*,****,** **,**
*,,,,,** **,*
******,** **,**
*,,***,**
*,*,*,** *,,,,,*
****,,#
#########(o#
#@g..w.oo..#####
#s########.....#
#.# #####.# #.#
#.# #.# #.# #.#
#o# #.# #.# #.#
#.### #.# #...#


You could see a worm, a scorpion, an orc wizard, an orc and a goblin.

Vanquished Creatures
  An adder (D:3)
  An ooze (D:1)
  3 dart slugs
  A leopard gecko (D:3)
  An orc (D:2)
  4 bats
  4 giant cockroaches
  6 goblins
  9 hobgoblins
  2 jackals (D:1)
  4 kobolds
  2 quokkas (D:3)
  A ball python (D:2)
  3 frilled lizards
  3 rats
45 creatures vanquished.

Notes
Turn   | Place    | Note
-------+----------+-------------------------------------------
     0 | D:1      | 4thArraOfDagon the Mummy Enchanter began the quest for the Orb.
     0 | D:1      | Reached XP level 1. HP: 13/13 MP: 4/4
    12 | D:1      | Reached skill level 1 in Short Blades
    99 | D:1      | Reached XP level 2. HP: 10/19 MP: 1/5
   145 | D:1      | Learned a level 2 spell: Ensorcelled Hibernation
   250 | D:1      | Reached skill level 2 in Short Blades
   339 | D:2      | Found an opulent altar of Gozag.
   363 | D:2      | Became a worshipper of Gozag Ym Sagoz the Greedy
   658 | D:1      | Reached XP level 3. HP: 13/24 MP: 7/7
   663 | D:1      | Learned a level 3 spell: Confuse
  1644 | D:2      | 4thArraOfDagon: !crash
  1644 | D:2      | 4thArraOfDagon: ??
  1644 | D:2      | beem: 19133. takemehigh, XL2 GnSk, T:900 (milestone): https://webzook.net/soup/morgue/trunk/takemehigh/crash-takemehigh-20180404-200001.txt
  1644 | D:2      | 4thArraOfDagon: !close
  1644 | D:2      | 4thArraOfDagon: !logoff
  1644 | D:2      | 4thArraOfDagon: !logout
  1644 | D:2      | 4thArraOfDagon: ??
  1814 | D:3      | Reached skill level 3 in Short Blades
  1973 | D:3      | Reached XP level 4. HP: 28/31 MP: 8/8
  2093 | D:3      | Thaneod: !lg Bayinga
  2098 | D:3      | beem: No games for Bayinga.
  2103 | D:3      | HP: 1/31 [orc/dagger (2)]
  2115 | D:3      | Slain by a scorpion

Vault maps used:
D:1:      minmay_arrival_glassed_features, minivault_24, minmay_liquid_box
D:2:      nicolae_gozag_seed_capital, uniq_sigmund
D:3:      minmay_tree_intersection

Skill      XL: |  1  2  3 |
---------------+----------+-----
Short Blades   | 1 2 3 |  3.0
Fighting       | |  0.5
Armour         | |  0.2
Dodging        | |  1.7
Stealth        | |  2.4
Spellcasting   | |  2.6
Hexes          | |  2.6

Action                   |  1- 3 |  4- 6 || total
-------------------------+-------+-------++-------
Melee: Dagger            |   156 |    16 ||   172
 Cast: Corona            |    11 |       ||    11
       Ensorcelled Hiber |    11 |     2 ||    13
  Use: Scroll            |       |     3 ||     3
 Stab: Sleeping          |    12 |       ||    12
Armor: Robe              |    25 |     1 ||    26
Dodge: Dodged            |    80 |     8 ||    88

Table legend:
 A = Spawn XP
 B = Non-spawn XP
 C = Spawn XP percentage of total XP
 D = Spawn monster count
 E = Non-spawn monster count
 F = Spawn count percentage of total count
 G = Total turns spent on level
                    A         B        C        D         E        F      G
               +---------+---------+-------+---------+---------+-------+---------
         Total |       0 |     105 |   0.0 |       0 |      45 |   0.0 |  2115
               +---------+---------+-------+---------+---------+-------+---------
           D:1 |       0 |      50 |   0.0 |       0 |      23 |   0.0 |  1169
           D:2 |       0 |      16 |   0.0 |       0 |       9 |   0.0 |   644
           D:3 |       0 |      39 |   0.0 |       0 |      13 |   0.0 |   302
               +---------+---------+-------+---------+---------+-------+---------
